cohdb
Replays
Latest Replays
All Replays
Popular Replays
Top Player Replays
Match Explorer
How It Works
Community
CoH3 Stats
Reddit
Sign in to upload your games and track your stats! →
Sign in with Steam
Match 43004013
Unlisted
Match 43004013
Overview
Messages
Build Orders
End
Kradschützen Motorcycle Team
Panzergrenadier Squad
250 Light Carrier
Panzergrenadier Squad
Panzergrenadier Squad
Construct Light Support Kompanie
Fire Support Elements
2.5-tonne Medical Truck
Panzerjäger Mechanized Group
Selects Armored Support Battlegroup
Selects Salvage Kits
Selects Veteran Gunners
Selects Salvage Kits
Selects Veteran Gunners
Veteran Squad Leaders
Construct Panzerarmee Kommand
Armored Reserves
Vehicle Survival Package
Panzer IV Assault Group
Selects Panzer Storm
Chilly
matrix4x4
0
0
Comments
sign in to comment!
No comments posted yet!